 Dungeon Crawl Stone Soup version 0.28.0-49-g6dfe1f597d (webtiles) character file.

Game seed: 7078181087640430869

55 CryoSword the Caller (level 3, 0/26 HPs)
             Began as a Gnoll Summoner on May 13, 2022.
             Slain by a goblin
             ... wielding a +0 club
             ... led by Robin
              (5 damage)
             ... on level 2 of the Dungeon.
             The game lasted 00:02:18 (2593 turns).

CryoSword the Caller (Gnoll Summoner)               Turns: 2593, Time: 00:02:19

Health: 0/26       AC:  2    Str:  9    XL:     3   Next: 93%
Magic:  3/9        EV: 13    Int: 14    God:
Gold:   11         SH:  0    Dex: 12    Spells: 9/12 levels left

rFire   . . .      SeeInvis .   f - +0 dagger (freeze)
rCold   + . .      Faith    .   (no shield)
rNeg    . . .      Spirit   .   a - +0 robe
rPois   .          Reflect  .   (no helmet)
rElec   .          Harm     .   (no cloak)
rCorr   .          Rampage  .   (no gloves)
Will    .....                   (no boots)
Stlth   ++........              (no amulet)
HPRegen 0.08/turn               e - ring of protection from cold
MPRegen 0.11/turn               (no ring)

@: no status effects
A: fangs 1, strong nose, distributed training
a: no special abilities


You were on level 2 of the Dungeon.
You visited 1 branch of the dungeon, and saw 2 of its levels.

You collected 11 gold pieces.

Inventory:

Hand Weapons
 f - a +0 dagger of freezing (weapon)
   (You took it off a kobold on level 2 of the Dungeon)
Armour
 a - a +0 robe (worn)
Jewellery
 e - a ring of protection from cold (left hand)
   (You found it on level 1 of the Dungeon)
Scrolls
 b - a scroll of identify {unknown}
Potions
 c - a potion of magic {unknown}


   Skills:
 + Level 1.0 Fighting
 + Level 1.0 Short Blades
 + Level 1.0 Long Blades
 + Level 1.0 Axes
 + Level 1.0 Maces & Flails
 + Level 1.0 Polearms
 + Level 1.0 Staves
 + Level 1.0 Slings
 + Level 1.0 Bows
 + Level 1.0 Crossbows
 + Level 1.0 Throwing
 + Level 1.0 Armour
 + Level 4.6 Dodging
 + Level 4.2 Stealth
 + Level 1.0 Shields
 + Level 1.0 Unarmed Combat
 + Level 5.0 Spellcasting
 + Level 0.7 Conjurations
 + Level 0.7 Hexes
 + Level 7.1 Summonings
 + Level 0.7 Necromancy
 + Level 0.7 Translocations
 + Level 0.7 Transmutations
 + Level 0.7 Fire Magic
 + Level 0.7 Ice Magic
 + Level 0.7 Air Magic
 + Level 0.7 Earth Magic
 + Level 0.7 Poison Magic
 + Level 1.0 Invocations
 + Level 1.0 Evocations


You had 9 spell levels left.
You knew the following spells:

 Your Spells              Type           Power      Damage    Failure   Level
a - Summon Small Mammal   Summ           92%        N/A       1%          1
b - Call Imp              Summ           23%        N/A       1%          2

Your spell library contained the following spells:

 Spells                   Type           Power      Damage    Failure   Level
 Call Canine Familiar     Summ           23%        N/A       2%          3
 Summon Guardian Golem    Hex/Summ       14%        N/A       11%         3
 Summon Lightning Spire   Summ/Air       14%        N/A       34%         4


Dungeon Overview and Level Annotations

Branches:
Dungeon (2/15)

Altars:

Shops:
D:2 *

Annotations:
D:2 Robin


Innate Abilities, Weirdness & Mutations

You have very sharp teeth.
Your uncanny sense of smell can sniff out nearby items.
Your experience applies equally to all skills.


Message History

Your white imp gestures at the hobgoblin.
The puff of frost hits the hobgoblin.
The hobgoblin dies!
The goblin shoots a stone.
The stone hits your quokka.
You swap places.
The goblin shoots a stone.
The stone hits your quokka.
Your quokka dies!
Your quokka's corpse disappears in a puff of smoke!
Things that are here:
a +0 club; a +0 club The goblin shoots a stone.
The stone misses you.
Things that are here:
a +0 dagger of freezing; a kobold corpse; a hobgoblin corpse
f - a +0 dagger of freezing The goblin shoots a stone.
The stone barely misses you. The stone hits your white imp.
Your white imp dies!
Your white imp disappears in a puff of smoke!
There is a stone staircase leading up here.
You see here a hobgoblin corpse.
The goblin shoots a stone.
The stone misses you. The stone hits your quokka.
The goblin shoots a stone.
The stone hits you.
You see here a frilled lizard corpse.
The goblin unwields a +0 hunting sling.
The goblin wields a +0 dagger.
The goblin misses you.
You barely miss the goblin. You bite the goblin, but do no damage.
The goblin hits you but does no damage.
You hit the goblin. The goblin closely misses you.
You hit the goblin.
You kill the goblin!
Items here: ( )) †.
You swap places.
You see here a frilled lizard corpse.
Your +0 dagger of freezing glows with a cold blue light!
f - a +0 dagger of freezing (weapon)
You drop a +0 short sword.
Your quokka disappears in a puff of smoke!
There is a stone staircase leading up here.
You see here a hobgoblin corpse.
Things that are here:
a +0 club; a +0 club
Items here: ( )) †.
A goblin comes into view. It is wielding a +0 club.
A goblin comes into view. It is wielding a +0 dagger.
A goblin comes into view. It is wielding a +0 club.
There are monsters nearby!
There are monsters nearby!
There are monsters nearby!
The goblin shouts!
You hear a shout! x3
A beastly little devil appears in a puff of flame.
The goblin shouts!
The goblin goes into a battle-frenzy!
Your crimson imp barely misses the goblin.
The goblin barely misses your crimson imp.
Your quokka bites the goblin.
The goblin dies!
Your crimson imp blinks!
The goblin goes into a battle-frenzy!
You swap places.
Robin and a goblin come into view.
Found Diso's General Store.
The goblin shouts!
A goblin comes into view. It is wielding a +0 dagger.
The goblin hits your crimson imp but does no damage.
A bat comes into view.
You closely miss the goblin. The goblin misses your quokka.
Your quokka bites the goblin.
The goblin dies!
The goblin hits your quokka with a +0 dagger.
Your Fighting skill increases to level 1!
Your Short Blades skill increases to level 1!
Your Long Blades skill increases to level 1!
Your Axes skill increases to level 1!
Your Maces & Flails skill increases to level 1!
Your Polearms skill increases to level 1!
Your Staves skill increases to level 1!
Your Slings skill increases to level 1!
Your Bows skill increases to level 1!
Your Crossbows skill increases to level 1!
Your Throwing skill increases to level 1!
Your Armour skill increases to level 1!
Your Shields skill increases to level 1!
Your Unarmed Combat skill increases to level 1!
Your Evocations skill increases to level 1!
You swap places.
The goblin hits you but does no damage.
The hobgoblin closely misses your crimson imp.
Your quokka barely misses the goblin.
The bat barely misses your quokka. The goblin barely misses your quokka.
Something misses your quokka. Something closely misses your quokka.
Your quokka closely misses the goblin.
Your quokka bites the goblin.
The goblin dies!
Robin hits your quokka with a +0 spear.
Your quokka dies!
Your quokka's corpse disappears in a puff of smoke!
The bat misses you. Robin closely misses your quokka.
Your quokka bites Robin.
The bat hits your crimson imp but does no damage.
The bat closely misses your crimson imp.
Something hits your quokka.
Your quokka dies!
Your quokka's corpse disappears in a puff of smoke!
Your crimson imp blinks!
Things that are here:
a kobold corpse; a hobgoblin corpse
There is a stone staircase leading up here.
You see here a hobgoblin corpse.
You hit the goblin but do no damage.
The goblin no longer looks unusually strong.
The goblin hits you with a +0 dagger.
A beastly little devil appears in a puff of frigid air.
The bat hits you but does no damage. The goblin hits you but does no damage.
The bat completely misses you. The goblin closely misses you.
The bat hits you but does no damage.
Your quokka barely misses the bat.
Robin roars a battlecry!
The goblins go into a battle-frenzy!
Your white imp closely misses the goblin.
You hit the goblin. You freeze the goblin. The bat barely misses your quokka.
The goblin misses you. The goblin closely misses you.
Your quokka misses the bat.
Your white imp closely misses the goblin.
You closely miss the goblin.
The bat hits your quokka but does no damage. x2
The bat completely misses your quokka. The goblin hits you with a +0 dagger.
Your quokka bites the bat.
The bat dies!
The goblin barely misses you.
Your quokka misses the goblin.
A quokka comes into view.
You hit the goblin but do no damage.
Your white imp hits the goblin.
Your white imp freezes the goblin.
The goblin dies!
Your quokka closely misses the goblin.
The goblin hits you but does no damage.
You closely miss the goblin.
Your quokka barely misses the goblin.
Your quokka bites the hobgoblin but does no damage.
The goblin barely misses your quokka.
The hobgoblin closely misses your quokka.
You barely miss the goblin.
Your quokka barely misses the hobgoblin.
Robin hits you from afar with a +0 spear.
* * * LOW HITPOINT WARNING * * *
Your quokka barely misses the hobgoblin.
The goblin closely misses you. The hobgoblin misses your quokka.
You barely miss the goblin.
Your quokka barely misses the hobgoblin.
Your quokka closely misses the hobgoblin.
Robin throws the goblin at you!
The hobgoblin closely misses your quokka.
The goblin barely misses you.
Robin hits you from afar with a +0 spear.
* * * LOW HITPOINT WARNING * * *
The goblin hits you with a +0 club.
You die...

.... #.# .... .. #.#
#..# .# #.# #..# .#
#g# 8.8.8. #..# .#
#o# ∆ ⌠?⌠.. #..# .#
#o# ∩.8. #.r# .#
#oo..oo.. . ⌠..
#.5#####.###.#.#....
.8 8.
#)r@g).)............
.#.###.
#gr#####.###.#.#....
....)..####g## .#
#.......#
...g§g)§....#
...........#
##.##.gb#####
####.#.....#
#......).#
..........#
#.........#
#..##...###


You could see Robin, a quokka, a hobgoblin (strong), a goblin (strong, ally
target), a friendly white imp (summoned) and 2 friendly quokkas.

Vanquished Creatures
  3 endoplasms (D:1)
  7 goblins
  2 hobgoblins (D:1)
  2 kobolds (D:1)
  2 frilled lizards (D:2)
  A rat (D:1)
17 creatures vanquished.

Vanquished Creatures (collateral kills)
  2 dart slugs (D:1)
  A bat (D:2)
  A giant cockroach (D:1)
  8 goblins
  4 hobgoblins
  A quokka (D:1)
  2 ball pythons (D:1)
  A frilled lizard (D:1)
  5 kobolds
  A rat (D:1)
26 creatures vanquished.

Grand Total: 43 creatures vanquished

Notes
Turn   | Place    | Note
-------+----------+-------------------------------------------
     0 | D:1      | CryoSword the Gnoll Summoner began the quest for the Orb.
     0 | D:1      | Reached XP level 1. HP: 13/13 MP: 6/6
   637 | D:1      | Reached XP level 2. HP: 9/19 MP: 4/7
   956 | D:1      | Learned a level 2 spell: Call Imp
  1436 | D:1      | Reached XP level 3. HP: 23/25 MP: 3/9
  1457 | D:1      | Reached skill level 5 in Spellcasting
  1752 | D:1      | Found a faded altar of an unknown god.
  2342 | D:2      | Reached skill level 1 in Invocations
  2573 | D:2      | Found Diso's General Store.
  2573 | D:2      | Noticed Robin
  2575 | D:2      | Reached skill level 1 in Fighting
  2575 | D:2      | Reached skill level 1 in Short Blades
  2575 | D:2      | Reached skill level 1 in Long Blades
  2575 | D:2      | Reached skill level 1 in Axes
  2575 | D:2      | Reached skill level 1 in Maces & Flails
  2575 | D:2      | Reached skill level 1 in Polearms
  2575 | D:2      | Reached skill level 1 in Staves
  2575 | D:2      | Reached skill level 1 in Slings
  2575 | D:2      | Reached skill level 1 in Bows
  2575 | D:2      | Reached skill level 1 in Crossbows
  2575 | D:2      | Reached skill level 1 in Throwing
  2575 | D:2      | Reached skill level 1 in Armour
  2575 | D:2      | Reached skill level 1 in Shields
  2575 | D:2      | Reached skill level 1 in Unarmed Combat
  2575 | D:2      | Reached skill level 1 in Evocations
  2593 | D:2      | Slain by a goblin

Illustrated notes

Levels and vault maps discovered:
D:1:      shiori_arrival_oz, layout_basic, chequers_ecumenical_altar_grove
D:2:      layout_loops_ring, serial_glass, glass_columns_a, glass_columns_a,
          glass_columns_c, glass_columns_a, serial_shops,
          nicolae_shop_temple_entry_statues_fountains, uniq_robin

Skill      XL: |  1  2  3 |
---------------+----------+-----
Spellcasting   | 5 |  5.0
Invocations    | 1 |  1.0
Fighting       | 1 |  1.0
Short Blades   | 1 |  1.0
Long Blades    | 1 |  1.0
Axes           | 1 |  1.0
Maces & Flails | 1 |  1.0
Polearms       | 1 |  1.0
Staves         | 1 |  1.0
Slings         | 1 |  1.0
Bows           | 1 |  1.0
Crossbows      | 1 |  1.0
Throwing       | 1 |  1.0
Armour         | 1 |  1.0
Shields        | 1 |  1.0
Unarmed Combat | 1 |  1.0
Evocations     | 1 |  1.0
Dodging        | |  4.6
Stealth        | |  4.2
Conjurations   | |  0.7
Hexes          | |  0.7
Summonings     | |  7.1
Necromancy     | |  0.7
Translocations | |  0.7
Transmutations | |  0.7
Fire Magic     | |  0.7
Ice Magic      | |  0.7
Air Magic      | |  0.7
Earth Magic    | |  0.7
Poison Magic   | |  0.7

Action                   || total
-------------------------++-------
Melee: Unarmed           ||    34
       Bite              ||     8
       Whip              ||    13
       Short sword       ||    46
       Dagger            ||     8
 Cast: Summon Small Mamm ||    36
       Call Imp          ||    11
 Stab: Sleeping          ||     9
       Distracted        ||     1
Armor: Robe              ||    20
Dodge: Dodged            ||   107
